TOP OF THE 1ST |
Vancouver Vipers batting - Pitching for San Jose Missions : LHP Floyd Dye
|
Pitching: LHP Floyd Dye
|
|
Batting: LHB Marcos Cantú
|
0-0: Ball 1-0: Foul Ball, location: 2F 1-1: SOLO HOME RUN (Flyball, 8LXD), Distance : 439 ft
|
Batting: RHB Kel Pierce
|
0-0: Ground out 5-3 (Groundball, 56)
|
Batting: RHB Howard Lane
|
0-0: Ground out 6-3 (Groundball, 6)
|
Batting: RHB Xavier Feliciano
|
0-0: Called Strike 0-1: Called Strike 0-2: Foul Ball, location: 2F 0-2: Ball 1-2: Strikes out swinging
|
Top of the 1st over - 1 run(s), 1 hit(s), 0 error(s), 0 left on base; Vancouver 1 - San Jose 0 |
BOTTOM OF THE 1ST |
San Jose Missions batting - Pitching for Vancouver Vipers : RHP Jason Taylor
|
Pitching: RHP Jason Taylor
|
|
Batting: RHB José Martínez
|
0-0: Foul Ball, location: 2F 0-1: Ground out 3-1 (Groundball, 34S)
|
Batting: LHB Raúl García
|
0-0: Foul Ball, location: 2F 0-1: Ball 1-1: Swinging Strike 1-2: Strikes out looking
|
Batting: RHB Ed Starr
|
0-0: Ball 1-0: Called Strike 1-1: Ball 2-1: Called Strike 2-2: SINGLE (Line Drive, 8RS)
|
Batting: LHB Miguel Montés
|
0-0: Ball 1-0: Ball Wild Pitch! Ed Starr to second 2-0: Foul Ball, location: 2F 2-1: Foul Ball, location: 2F 2-2: Strikes out looking
|
Bottom of the 1st over - 0 run(s), 1 hit(s), 0 error(s), 1 left on base; Vancouver 1 - San Jose 0 |
TOP OF THE 2ND |
Vancouver Vipers batting - Pitching for San Jose Missions : LHP Floyd Dye
|
Batting: LHB Mike Williams
|
0-0: Ground out 5-3 (Groundball, 56S)
|
Batting: LHB Ray Spencer
|
0-0: Ball 1-0: Ball 2-0: Called Strike 2-1: Called Strike 2-2: Ground out 6-3 (Groundball, 6)
|
Batting: RHB Lorenzo González
|
0-0: Ball 1-0: Foul Ball, location: 2F 1-1: Swinging Strike 1-2: Ball 2-2: Ball 3-2: Base on Balls
|
Batting: RHB Tomás Estrada
|
0-0: Ball 1-0: SINGLE (Groundball, 34D) Lorenzo González to second Runner from 2nd tries for 3rd, SAFE, throw made to third Tomás Estrada to second
|
Batting: SHB Richard Bowman
|
0-0: Called Strike 0-1: Fly out, F8 (Flyball, 8RM)
|
Top of the 2nd over - 0 run(s), 1 hit(s), 0 error(s), 2 left on base; Vancouver 1 - San Jose 0 |
BOTTOM OF THE 2ND |
San Jose Missions batting - Pitching for Vancouver Vipers : RHP Jason Taylor
|
Batting: LHB Dave Marshall
|
0-0: Ball 1-0: Swinging Strike 1-1: Foul Ball, location: 2F 1-2: Ball 2-2: Foul Ball, location: 2F 2-2: Ball 3-2: Ground out U3 (Groundball, 3)
|
Batting: LHB Mel Jones
|
0-0: Ground out 6-3 (Groundball, 6)
|
Batting: RHB Mike Gordon
|
0-0: Ball 1-0: Ball 2-0: Ground out 6-3 (Groundball, 6M)
|
Bottom of the 2nd over - 0 run(s), 0 hit(s), 0 error(s), 0 left on base; Vancouver 1 - San Jose 0 |
TOP OF THE 3RD |
Vancouver Vipers batting - Pitching for San Jose Missions : LHP Floyd Dye
|
Batting: LHB Marcos Cantú
|
0-0: Called Strike 0-1: Ball 1-1: Swinging Strike 1-2: Strikes out looking
|
Batting: RHB Kel Pierce
|
0-0: Ball 1-0: Foul Ball, location: 2F 1-1: Foul Ball, location: 2F 1-2: Ground out 2-3 (Groundball, 2L)
|
Batting: RHB Howard Lane
|
0-0: Foul Ball, location: 2F 0-1: DOUBLE (Line Drive, 3D)
|
Batting: RHB Xavier Feliciano
|
0-0: Swinging Strike 0-1: Ball 1-1: Foul Ball, location: 2F 1-2: Ball 2-2: SINGLE (Line Drive, 4D) Howard Lane to third
|
Batting: LHB Mike Williams
|
0-0: SINGLE (Groundball, 4M) Howard Lane scores Xavier Feliciano to second
|
Batting: LHB Ray Spencer
|
0-0: Ball 1-0: Called Strike 1-1: Swinging Strike 1-2: Ball 2-2: Ball 3-2: Ground out 4-3 (Groundball, 4M)
|
Top of the 3rd over - 1 run(s), 3 hit(s), 0 error(s), 2 left on base; Vancouver 2 - San Jose 0 |
BOTTOM OF THE 3RD |
San Jose Missions batting - Pitching for Vancouver Vipers : RHP Jason Taylor
|
Batting: RHB Cal Keys
|
0-0: Called Strike 0-1: Ball 1-1: Swinging Strike 1-2: Strikes out swinging
|
Batting: RHB Stéphane Lambert
|
0-0: Called Strike 0-1: Foul Ball, location: 2F 0-2: Ball 1-2: Ball 2-2: Foul Ball, location: 2F 2-2: Strikes out looking
|
Batting: RHB José Martínez
|
0-0: Ball 1-0: Ground out 6-3 (Groundball, 56)
|
Bottom of the 3rd over - 0 run(s), 0 hit(s), 0 error(s), 0 left on base; Vancouver 2 - San Jose 0 |
TOP OF THE 4TH |
Vancouver Vipers batting - Pitching for San Jose Missions : LHP Floyd Dye
|
Batting: RHB Lorenzo González
|
0-0: Called Strike 0-1: Swinging Strike 0-2: Strikes out swinging
|
Batting: RHB Tomás Estrada
|
0-0: Ball 1-0: Foul Ball, location: 2F 1-1: SOLO HOME RUN (Line Drive, 7D), Distance : 389 ft
|
Batting: SHB Richard Bowman
|
0-0: Foul Ball, location: 2F 0-1: Foul Ball, location: 2F 0-2: Ball 1-2: Strikes out swinging
|
Batting: LHB Marcos Cantú
|
0-0: Ball 1-0: Foul Ball, location: 2F 1-1: Foul Ball, location: 2F 1-2: Ball 2-2: Fly out, F6 (Popup, 6MD)
|
Top of the 4th over - 1 run(s), 1 hit(s), 0 error(s), 0 left on base; Vancouver 3 - San Jose 0 |
BOTTOM OF THE 4TH |
San Jose Missions batting - Pitching for Vancouver Vipers : RHP Jason Taylor
|
Batting: LHB Raúl García
|
0-0: SINGLE (Popup, 4D)
|
Batting: RHB Ed Starr
|
0-0: Ball 1-0: Swinging Strike 1-1: Swinging Strike 1-2: Ball 2-2: Foul Ball, location: 2F 2-2: Strikes out swinging
|
Batting: LHB Miguel Montés
|
0-0: Called Strike 0-1: Ball 1-1: Ball 2-1: Foul Ball, location: 2F 2-2: SINGLE (Line Drive, 4D) Raúl García to second Runner from 2nd tries for 3rd, SAFE, no throw or cutoff
|
Batting: LHB Dave Marshall
|
0-0: Ball Miguel Montés is caught stealing 2nd base 1-0: Called Strike 1-1: Ball 2-1: Foul Ball, location: 2F 2-2: SINGLE (Line Drive, 89M) Raúl García scores
|
Batting: LHB Mel Jones
|
0-0: Foul Ball, location: 2F 0-1: Ball 1-1: Ball 2-1: Called Strike 2-2: Ground out 4-3 (Groundball, 34)
|
Bottom of the 4th over - 1 run(s), 3 hit(s), 0 error(s), 1 left on base; Vancouver 3 - San Jose 1 |
TOP OF THE 5TH |
Vancouver Vipers batting - Pitching for San Jose Missions : LHP Floyd Dye
|
Batting: RHB Kel Pierce
|
0-0: Ball 1-0: Ball 2-0: Ball 3-0: Base on Balls
|
Batting: RHB Howard Lane
|
0-0: Ball 1-0: Called Strike 1-1: Ball 2-1: Ball 3-1: Called Strike 3-2: Fly out, F7 (Flyball, 78M)
|
Batting: RHB Xavier Feliciano
|
0-0: Ball 1-0: Ball 2-0: Foul Ball, location: 2F 2-1: Called Strike Kel Pierce steals 2nd base 2-2: Fly out, F9 (Flyball, 9D) Runner from 2nd tags up, SAFE at 3rd, no throw
|
Batting: LHB Mike Williams
|
0-0: Ball 1-0: Ball 2-0: Called Strike 2-1: DOUBLE (Line Drive, 9LM) Kel Pierce scores
|
Pitching: RHP Gabriel Moore
|
|
Batting: LHB Ray Spencer
|
0-0: Ball 1-0: Foul Ball, location: 2F 1-1: Ball 2-1: SINGLE (Line Drive, 4D) Mike Williams to third Runner from 3rd tries for Home, SAFE, no throw or cutoff
|
Pitching: RHP Anthony Jones
|
|
Batting: RHB Lorenzo González
|
0-0: Called Strike 0-1: Ball Ray Spencer steals 2nd base 1-1: Foul Ball, location: 2F 1-2: Ball 2-2: Ball 3-2: Fly out, F2 (Popup, 2RF)
|
Top of the 5th over - 2 run(s), 2 hit(s), 0 error(s), 1 left on base; Vancouver 5 - San Jose 1 |
BOTTOM OF THE 5TH |
San Jose Missions batting - Pitching for Vancouver Vipers : RHP Jason Taylor
|
Batting: RHB Mike Gordon
|
0-0: Ball 1-0: Foul Ball, location: 2F 1-1: Fly out, F4 (Line Drive, 4)
|
Batting: RHB Cal Keys
|
0-0: Called Strike 0-1: Ball 1-1: Foul Ball, location: 2F 1-2: Foul Ball, location: 2F 1-2: SOLO HOME RUN (Flyball, 7D), Distance : 373 ft
|
Batting: RHB Stéphane Lambert
|
0-0: Ball 1-0: Ground out 4-3 (Groundball, 4)
|
Batting: RHB José Martínez
|
0-0: Ball 1-0: Fly out, F9 (Line Drive, 9LS)
|
Bottom of the 5th over - 1 run(s), 1 hit(s), 0 error(s), 0 left on base; Vancouver 5 - San Jose 2 |
TOP OF THE 6TH |
Vancouver Vipers batting - Pitching for San Jose Missions : RHP Anthony Jones
|
Batting: RHB Tomás Estrada
|
0-0: Ball 1-0: Called Strike 1-1: Ball 2-1: Ball 3-1: Base on Balls
|
Batting: SHB Richard Bowman
|
0-0: Ball 1-0: Ball 2-0: Ball 3-0: Called Strike 3-1: SINGLE (Line Drive, 7S) Tomás Estrada to second
|
Batting: LHB Marcos Cantú
|
0-0: Called Strike 0-1: Called Strike 0-2: Ball 1-2: Ball 2-2: Ball 3-2: Base on Balls Tomás Estrada to third Richard Bowman to second
|
Batting: RHB Kel Pierce
|
0-0: Ball 1-0: GRAND SLAM HOME RUN (Flyball, 78XD), Distance : 422 ft
|
Batting: RHB Howard Lane
|
0-0: Swinging Strike 0-1: Ball 1-1: SINGLE (Flyball, 8RS)
|
Batting: RHB Xavier Feliciano
|
0-0: SINGLE (Flyball, 8RS) Howard Lane to second
|
Batting: LHB Mike Williams
|
0-0: Called Strike 0-1: Ball 1-1: Ball 2-1: SINGLE (Line Drive, 34D) Howard Lane to third Xavier Feliciano to second
|
Batting: LHB Ray Spencer
|
0-0: Ball 1-0: Fly out, F9 (Flyball, 9M) Runner from 3rd tags up, SCORES, throw made
|
Batting: RHB Lorenzo González
|
0-0: Grounds into double play, 1-6-3 (Groundball, 13)
|
Top of the 6th over - 5 run(s), 5 hit(s), 0 error(s), 1 left on base; Vancouver 10 - San Jose 2 |
BOTTOM OF THE 6TH |
San Jose Missions batting - Pitching for Vancouver Vipers : RHP Jason Taylor
|
Batting: LHB Raúl García
|
0-0: Swinging Strike 0-1: Called Strike 0-2: Fly out, F6 (Popup, 6MS)
|
Batting: RHB Ed Starr
|
0-0: Ball 1-0: Ball 2-0: Foul Ball, location: 2F 2-1: Foul Ball, location: 2F 2-2: Strikes out swinging
|
Batting: LHB Miguel Montés
|
0-0: Ball 1-0: Fly out, F9 (Flyball, 89D)
|
Bottom of the 6th over - 0 run(s), 0 hit(s), 0 error(s), 0 left on base; Vancouver 10 - San Jose 2 |
TOP OF THE 7TH |
Vancouver Vipers batting - Pitching for San Jose Missions : RHP Anthony Jones
|
Batting: RHB Tomás Estrada
|
0-0: Fly out, F9 (Flyball, 9D)
|
Batting: SHB Richard Bowman
|
0-0: Ground out 4-3 (Groundball, 4)
|
Batting: LHB Marcos Cantú
|
0-0: Ground out 4-3 (Groundball, 4)
|
Top of the 7th over - 0 run(s), 0 hit(s), 0 error(s), 0 left on base; Vancouver 10 - San Jose 2 |
BOTTOM OF THE 7TH |
San Jose Missions batting - Pitching for Vancouver Vipers : RHP Jason Taylor
|
Batting: LHB Dave Marshall
|
0-0: Ball 1-0: Ball 2-0: Ball 3-0: Called Strike 3-1: Ground out 4-3 (Groundball, 4)
|
Batting: LHB Mel Jones
|
0-0: Ball 1-0: Ball 2-0: Ball 3-0: Called Strike 3-1: Base on Balls
|
Batting: RHB Mike Gordon
|
0-0: Called Strike 0-1: Swinging Strike 0-2: Foul Ball, location: 2F 0-2: Strikes out swinging
|
Batting: RHB Cal Keys
|
0-0: Ball 1-0: Swinging Strike 1-1: Called Strike 1-2: Ball 2-2: Ball 3-2: Foul Ball, location: 2F 3-2: Foul Ball, location: 2F 3-2: Strikes out swinging
|
Bottom of the 7th over - 0 run(s), 0 hit(s), 0 error(s), 1 left on base; Vancouver 10 - San Jose 2 |
TOP OF THE 8TH |
Vancouver Vipers batting - Pitching for San Jose Missions : RHP Anthony Jones
|
Batting: RHB Kel Pierce
|
0-0: Ball 1-0: Ball 2-0: Ball 3-0: Called Strike 3-1: Base on Balls
|
Batting: RHB Howard Lane
|
0-0: Called Strike 0-1: Ball 1-1: Foul Ball, location: 2F 1-2: Fly out, F9 (Flyball, 89D)
|
Batting: RHB Xavier Feliciano
|
0-0: Ball 1-0: 2-RUN HOME RUN (Flyball, 7D), Distance : 398 ft
|
Batting: LHB Mike Williams
|
0-0: Ball 1-0: Ball 2-0: Ball 3-0: Called Strike 3-1: Foul Ball, location: 2F 3-2: Foul Ball, location: 2F 3-2: Base on Balls
|
Batting: LHB Ray Spencer
|
0-0: Called Strike 0-1: Ball 1-1: Ball 2-1: Ball 3-1: DOUBLE (Line Drive, 9D) Mike Williams to third
|
Pitching: LHP Vanni Frangilli
|
|
Batting: RHB Lorenzo González
|
0-0: Ball 1-0: 3-RUN HOME RUN (Flyball, 8LXD), Distance : 437 ft
|
Pinch Hitting: RHB Pedro Fuentes
|
0-0: Called Strike 0-1: Ball 1-1: DOUBLE (Line Drive, 7LS)
|
Batting: SHB Richard Bowman
|
0-0: Swinging Strike 0-1: Ground out 5-3 (Groundball, 15S) Pedro Fuentes to third
|
Batting: LHB Marcos Cantú
|
0-0: Called Strike 0-1: Ball 1-1: Fly out, F8 (Flyball, 8LD)
|
Top of the 8th over - 5 run(s), 4 hit(s), 0 error(s), 1 left on base; Vancouver 15 - San Jose 2 |
BOTTOM OF THE 8TH |
San Jose Missions batting - Pitching for Vancouver Vipers : RHP Jason Taylor
|
Pitching: RHP José García
|
|
Now in RF: Pedro Fuentes
|
|
Batting: RHB Stéphane Lambert
|
0-0: Ball 1-0: Ground out 4-3 (Groundball, 4)
|
Batting: RHB José Martínez
|
0-0: Called Strike 0-1: Ball 1-1: Called Strike 1-2: Strikes out looking
|
Batting: LHB Raúl García
|
0-0: Ground out 4-3 (Groundball, 4)
|
Bottom of the 8th over - 0 run(s), 0 hit(s), 0 error(s), 0 left on base; Vancouver 15 - San Jose 2 |
TOP OF THE 9TH |
Vancouver Vipers batting - Pitching for San Jose Missions : LHP Vanni Frangilli
|
Batting: RHB Kel Pierce
|
0-0: Ball 1-0: SINGLE (Line Drive, 9LM)
|
Batting: RHB Howard Lane
|
0-0: Ball 1-0: Called Strike 1-1: Ball Passed Ball! Kel Pierce to second 2-1: Foul Ball, location: 2F 2-2: Ball 3-2: Base on Balls
|
Batting: RHB Xavier Feliciano
|
0-0: Ball 1-0: Ball 2-0: Foul Ball, location: 2F 2-1: Ball 3-1: Base on Balls Kel Pierce to third Howard Lane to second
|
Batting: LHB Mike Williams
|
0-0: Fly out, F8 (Flyball, 8LM) Runner from 3rd tags up, SCORES, no throw
|
Batting: LHB Ray Spencer
|
0-0: Ball 1-0: Swinging Strike 1-1: Swinging Strike 1-2: Ball 2-2: Fielders Choice at 2nd, 4-6 (Groundball, 4) Howard Lane to third
|
Batting: RHB Lorenzo González
|
0-0: Ball 1-0: TRIPLE (Flyball, 89D) Howard Lane scores Ray Spencer scores
|
Pitching: RHP Wally Chapman
|
|
Batting: RHB Pedro Fuentes
|
0-0: Ball 1-0: Foul Ball, location: 2F 1-1: Swinging Strike 1-2: Foul Ball, location: 2F 1-2: DOUBLE (Line Drive, 89XD) Lorenzo González scores
|
Batting: SHB Richard Bowman
|
0-0: Called Strike 0-1: Called Strike 0-2: Ball 1-2: Ground out 4-3 (Groundball, 4)
|
Top of the 9th over - 4 run(s), 3 hit(s), 0 error(s), 1 left on base; Vancouver 19 - San Jose 2 |
BOTTOM OF THE 9TH |
San Jose Missions batting - Pitching for Vancouver Vipers : RHP José García
|
Pinch Hitting: LHB Michael Johnson
|
0-0: Called Strike 0-1: Ball 1-1: Ball 2-1: SINGLE (Line Drive, 6MD)
|
Batting: LHB Miguel Montés
|
0-0: Called Strike 0-1: Ball 1-1: SINGLE (Groundball, 4M) Michael Johnson to second
|
Batting: LHB Dave Marshall
|
0-0: Ball 1-0: Swinging Strike 1-1: Foul Ball, location: 2F 1-2: Fly out, F6 (Popup, 6MS)
|
Batting: LHB Mel Jones
|
0-0: Ball 1-0: Called Strike 1-1: Fly out, F5 (Popup, 5SF)
|
Batting: RHB Mike Gordon
|
0-0: Ball 1-0: DOUBLE (Line Drive, 7LS) Michael Johnson scores Miguel Montés to third
|
Batting: RHB Cal Keys
|
0-0: Foul Ball, location: 2F 0-1: Ball 1-1: Fly out, F8 (Flyball, 8RD)
|
Bottom of the 9th over - 1 run(s), 3 hit(s), 0 error(s), 2 left on base; Vancouver 19 - San Jose 3 |
|